Map: King's Cove LE

Players

SpaceMarine

  • Race: Protoss Protoss
  • League: Diamond
  • Spawn Location: 11:00

SKillous - Winner!

  • Race: Protoss Protoss
  • Spawn Location: 5:00

Event: 2019 WCS Summer

VOD

Have the link to the VOD?

Description

Time

  • Played on: July 12, 2019, 6:22 a.m.
  • Length: 11:39

All games in this series

Show
View Real Time Build Order
Export as new Build Order

SpaceMarine Protoss 

Build Orders: Oracle Opening 

Get SALT Encoding   

  12  0:00  Probe  
  13  0:12  Probe  
  14  0:18  Pylon  
  14  0:24  Probe  
  15  0:32  Probe  
  15  0:39  Gateway  
  15  0:40  Probe  
  16  0:46  Assimilator  
  17  0:51  Probe  
  17  0:54  Assimilator  
  18  0:59  Probe  
  19  1:07  Probe  
  19  1:10  Gateway  
  19  1:17  Probe  
  21  1:25  Cybernetics Core  
  21  1:29  Probe  
  22  1:36  Pylon  
  22  1:41  Probe  
  23  2:03  Stalker x2, Warp Gate  
  27  2:33  Adept x2  
  27  2:34  Stargate  
  31  2:40  Pylon  
  31  3:02  Nexus  
  31  3:03  Probe  
  32  3:09  Shield Battery  
  32  3:11  Oracle  
  32  3:16  Probe  
  36  3:31  Probe  
  35  3:39  Oracle  
  31  3:43  Probe  
  35  3:55  Probe  
  35  4:01  Stalker, Robotics Facility  
  38  4:08  Probe  
  39  4:17  Adept  
  39  4:20  Probe  
  39  4:23  Probe  
  42  4:27  Adept  
  45  4:31  Probe  
  45  4:32  Probe  
  47  4:39  Twilight Council  
  47  4:40  Probe  
  47  4:44  Probe  
  48  4:54  Adept x2  
  48  4:58  Probe  
  39  5:14  Probe  
  39  5:16  Adept  
  39  5:17  Adept  
  39  5:18  Probe  
  41  5:25  Probe  
  41  5:28  Probe  
  42  5:33  Probe  
  42  5:35  Resonating Glaives  
  43  5:37  Probe  
  43  5:41  Probe  
  45  5:47  Probe  
  47  5:53  Probe  
  48  5:59  Probe  
  49  6:12  Immortal  
  49  6:17  Probe  
  49  6:25  Adept x2  
  49  6:28  Gateway  
  49  6:30  Gateway  
  53  6:36  Pylon  
  53  6:39  Pylon  
  53  6:43  Probe x2  
  53  6:48  Immortal  
  53  6:55  Probe  
  53  6:56  Pylon  
  51  7:12  Adept x2  
  55  7:16  Probe x2  
  55  7:18  Assimilator  
  55  7:19  Immortal  
  55  7:20  Assimilator  
  57  7:23  Shield Battery  
  57  7:27  Sentry x2  
  57  7:28  Probe  
  66  7:35  Probe  
  67  7:37  Adept  
  67  7:40  Probe, Adept  
  72  7:47  Pylon  
  72  7:48  Gateway  
  72  7:53  Shield Battery  
  72  8:06  Templar Archives  
  72  8:17  Adept x2  
  72  8:18  Adept x2  
  76  8:32  Gateway x2  
  76  8:33  Observer  
  77  8:41  Adept x4  
  85  8:57  Probe, Pylon  
  85  8:58  Pylon  
  86  9:16  Nexus  
  86  9:18  Pylon  
  86  9:21  High Templar x2  
  90  9:26  High Templar x2, Archon  
  90  9:28  Probe x2  
  90  9:30  Archon  
  96  9:35  Forge  
  84  9:54  High Templar  
  84  9:55  Adept, High Templar  
  76  10:09  High Templar  
  76  10:10  Archon  
  76  10:13  Probe x2  
  74  10:21  Adept  
  74  10:25  Probe  
  77  10:28  Probe  
  77  10:29  Probe  
  77  10:30  Shield Battery  
  77  10:31  Shield Battery  
  77  10:33  Photon Cannon  
  77  10:34  High Templar  
  81  10:37  Probe  
  81  10:40  Probe, Archon  
  81  10:41  Probe  
  84  10:49  Probe  
  85  10:52  Adept x3  
  85  10:53  Adept x3  
  91  11:17  Adept x6  
Show
View Real Time Build Order
Export as new Build Order

SKillous Protoss - Winner!

Build Orders:  

Get SALT Encoding   

  12  0:00  Probe  
  13  0:12  Probe  
  14  0:18  Pylon  
  14  0:24  Probe  
  15  0:32  Probe  
  15  0:39  Gateway  
  15  0:40  Probe  
  16  0:47  Assimilator  
  17  0:51  Probe  
  17  0:55  Assimilator  
  18  0:59  Probe  
  19  1:07  Probe  
  19  1:09  Gateway  
  19  1:17  Probe  
  21  1:26  Cybernetics Core  
  21  1:30  Probe  
  22  1:36  Pylon  
  22  1:42  Probe  
  23  1:54  Probe, Warp Gate  
  24  2:03  Adept  
  24  2:04  Adept  
  28  2:13  Pylon  
  28  2:34  Sentry x2  
  31  2:44  Nexus  
  31  2:47  Probe  
  32  3:00  Stalker  
  32  3:01  Stalker  
  36  3:09  Shield Battery  
  36  3:10  Probe  
  37  3:23  Robotics Facility  
  37  3:24  Probe  
  35  3:36  Probe  
  35  3:44  Probe  
  35  3:52  Probe  
  35  3:53  Probe  
  32  3:56  Shield Battery  
  32  4:00  Adept  
  32  4:01  Probe  
  32  4:02  Adept  
  38  4:03  Probe  
  40  4:13  Probe x2  
  40  4:14  Observer  
  43  4:23  Probe  
  43  4:25  Probe  
  43  4:26  Forge  
  45  4:34  Stalker  
  45  4:35  Probe  
  45  4:37  Probe  
  49  4:44  Stalker  
  51  4:47  Probe  
  51  4:49  Probe  
  47  4:59  Probe  
  48  5:01  Probe  
  45  5:09  Probe  
  45  5:12  Probe  
  42  5:17  Probe  
  42  5:21  Probe  
  43  5:27  Probe  
  40  5:29  Probe, Protoss Ground Weapons Level 1  
  42  5:36  Immortal  
  42  5:39  Probe  
  42  5:40  Probe  
  48  5:45  Pylon  
  48  5:52  Probe x2  
  50  6:03  Shield Battery  
  50  6:04  Probe  
  51  6:05  Probe  
  51  6:06  Adept  
  51  6:14  Probe  
  51  6:16  Stalker  
  51  6:17  Probe  
  52  6:23  Probe  
  50  6:29  Probe  
  50  6:31  Probe  
  52  6:37  Adept  
  55  6:41  Probe  
  55  6:43  Probe  
  57  6:50  Gateway  
  57  6:51  Gateway  
  57  6:53  Probe, Sentry  
  60  6:55  Probe  
  60  6:59  Pylon  
  60  7:00  Warp Prism  
  59  7:18  Shield Battery  
  59  7:19  Probe  
  59  7:20  Probe, Shield Battery x2  
  61  7:24  Observer  
  61  7:26  Twilight Council  
  61  7:31  Probe  
  61  7:34  Sentry x2  
  61  7:35  Probe, Protoss Ground Armor Level 1  
  67  7:39  Assimilator  
  67  7:41  Assimilator  
  67  7:43  Probe  
  68  7:47  Probe  
  68  7:49  Pylon  
  69  7:52  Pylon  
  69  7:54  Charge  
  69  7:58  Probe  
  70  8:05  Shield Battery, Templar Archives  
  70  8:08  Adept x2  
  74  8:14  Gateway  
  74  8:18  Gateway  
  74  8:24  Probe  
  74  8:29  Pylon  
  74  8:37  Gateway  
  74  8:39  Gateway  
  74  8:41  High Templar x2  
  74  8:42  High Templar  
  74  8:43  High Templar  
  74  8:46  Archon, Pylon  
  74  8:47  Archon  
  82  8:52  Photon Cannon  
  82  9:03  Nexus  
  82  9:06  Pylon  
  82  9:14  High Templar x2  
  86  9:18  Archon  
  86  9:24  Photon Cannon  
  86  9:27  Zealot  
  86  9:29  Zealot x2  
  86  9:31  Zealot  
  94  9:38  Shield Battery  
  93  9:45  Zealot x2  
  93  9:56  Zealot x3  
  93  9:59  Probe  
  97  10:03  Probe  
  97  10:07  Probe  
  96  10:14  High Templar x4  
  96  10:15  Probe x2  
  96  10:17  Probe  
  96  10:19  Photon Cannon, Archon x2  
  107  10:25  Photon Cannon  
  107  10:32  Probe  
  107  10:33  Probe  
  107  10:34  Probe  
  110  10:39  Pylon  
  110  10:51  Probe  
  111  11:07  Zealot  
  111  11:08  Zealot x7  
  111  11:31  Zealot x6  
  111  11:32  Zealot x2  
Tags
 
Add a new tag
Caveats
  • Supply blocks, unpowered buildings, or Contaminate may cause inaccurate times.
  • Supply counts are checked every 10 seconds.